 Dungeon Crawl Stone Soup version 0.28.0 (webtiles) character file.

Game seed: 7628307452448813635

728 porpoise the Magician (level 8, -1/59 HPs)
             Began as a Djinni Conjurer on Feb 14, 2022.
             Slain by an elf zombie (6 damage)
             ... in an ossuary.
             The game lasted 00:19:48 (5319 turns).

porpoise the Magician (Djinni Conjurer)             Turns: 5319, Time: 00:19:48

Health: -1/59      AC:  3    Str:  6    XL:     8   Next: 3%
Gold:   138        EV: 12    Int: 21    God:
                   SH:  0    Dex: 13

rFire   + + .      SeeInvis .   b - +0 shortbow
rCold   x . .      Faith    .   (shield currently unavailable)
rNeg    . . .      Spirit   .   c - +0 robe
rPois   ∞          Reflect  .   (no helmet)
rElec   .          Harm     .   p - +0 cloak
rCorr   .          Rampage  .   (no gloves)
Will    .....                   (boots unavailable)
Stlth   ++........              (no amulet)
HPRegen 0.19/turn               (no ring)
MPRegen 0.00/turn               (no ring)

@: marked, attractive, flying
A: sickness immunity, fire resistance 2, cold vulnerability 1, float, innate
caster, HP casting, extra vitality 1
a: no special abilities


You were in an ossuary.
You visited 1 branch of the dungeon, and saw 5 of its levels.
You also visited: Ossuary.

You collected 138 gold pieces.

Inventory:

Hand Weapons
 a - a +3 dagger
 b - a +0 shortbow (weapon)
 i - a +0 short sword
Missiles
 j - 6 poisoned darts
 k - 17 sling bullets
 n - 76 arrows (quivered ammo)
 o - a throwing net
 q - 130 stones
 u - 3 atropa-tipped darts
Armour
 c - a +0 robe (worn)
 p - a +0 cloak (worn)
Magical Staves
 t - a staff of air
Wands
 x - a wand of polymorph (13)
Scrolls
 g - a scroll of teleportation
 s - a scroll of fog
 v - a scroll of blinking {unknown}
 w - a scroll of enchant armour {unknown}
Potions
 d - a potion of flight {unknown}
 l - a potion of attraction
 m - a potion of lignification {unknown}
 r - a potion of might {unknown}


   Skills:
 * Level 5.0 Fighting
 - Level 2.1 Dodging
 + Level 3.6 Stealth
 * Level 5.1 Spellcasting


You couldn't memorise any spells.
You knew the following spells:

 Your Spells              Type           Power      Damage    Failure   Level
a - Magic Dart            Conj           100%       1d8       1%          1
b - Searing Ray           Conj           54%        2d6       1%          2
c - Fulminant Prism       Conj/Hex       13%        3d9       13%         4
d - Iskenderun's Mystic   Conj/Tloc      27%        2d7       13%         4
k - Blink                 Tloc           54%        N/A       1%          2
o - Shock                 Conj/Air       100%       1d9       1%          1
s - Static Discharge      Conj/Air       27%        N/A       1%          2
z - Dazzling Flash        Conj/Hex       54%        N/A       3%          3
Your spell library was empty.

Dungeon Overview and Level Annotations

Branches:
Dungeon (6/15)            Ossuary (1/1)
 Temple: D:4-7

Altars:

Annotations:
D:6 Duvessa


Innate Abilities, Weirdness & Mutations

You are immune to sickness and miasma.
You are immune to poison.
Your flesh is very heat resistant. (rF++)
You are vulnerable to cold. (rC-)
You float through the air rather than walking.
You learn spells naturally, not from books.
Your magical power is your life essence.
You have superior vitality. (+4 MHP)


Message History

The elf zombie is heavily damaged. (Press . to maintain the ray.) Unknown command.
The searing ray hits the elf zombie.
The elf zombie is severely damaged.
A hobgoblin zombie comes into view.
The searing ray hits the elf zombie.
The elf zombie is severely damaged.
The elf zombie hits you. The elf zombie barely misses you.
The searing ray hits the elf zombie.
The elf zombie is severely damaged.
You finish channelling your searing ray.
An orc zombie comes into view. x2
The elf zombie completely misses you. The elf zombie hits you.
* * * LOW HITPOINT WARNING * * *
Casting: Searing Ray (safe; 1% risk of failure)
Confirm with . or Enter, or press ? or * to list all spells.
Aiming: Searing Ray (safe; 1% risk of failure)
Press: ? - help, Shift-Dir - straight line, f/p - elf zombie
Aim: an elf zombie (severely damaged, 79% to hit)
The searing ray hits the elf zombie.
The elf zombie is almost destroyed.
The searing ray hits the mummy.
The mummy is lightly damaged. (Press . to maintain the ray.)
* * * LOW HITPOINT WARNING * * *
The searing ray hits the elf zombie.
The elf zombie is almost destroyed.
The searing ray hits the mummy!
The mummy is severely damaged.
* * * LOW HITPOINT WARNING * * *
The elf zombie hits you!
* * * LOW HITPOINT WARNING * * *
The elf zombie hits you.
* * * LOW HITPOINT WARNING * * *
A hobgoblin zombie comes into view.
It was a potion of attraction.
You feel attractive to monsters. The elf zombie closely misses you.
The elf zombie hits you.
You die...

..# #..# #...# ..#
#.Z# #Z..#
..#.####ZZ####.#...#
..#.Z..ZM...ZZ(#ZZ.#
..#....Z..####(#MZ.#
..#.......# #...#
..#.......# #M..#
..#.....∩.# #ZZ.#
..####+.... #@..#
..# #...# #...# ..#
#...# #...#
..##############...#
...................#
........∩∩.........#
####################


You could see 2 mummies, 2 hobgoblin zombies, 2 orc zombies and 2 elf zombies.

Vanquished Creatures
  A sky beast (D:4)
  A black bear (D:4)
  A necrophage (D:6)
  A centaur (D:3)
  2 centaur zombies (Ossuary)
  A hound (D:4)
  Crazy Yiuf (D:3)
  2 iguanas
  6 gnolls (D:3)
  5 adders
  2 adder zombies (Ossuary)
  2 worms (D:2)
  A dart slug (D:2)
  An orc (D:3)
  7 endoplasms
  3 giant cockroaches
  7 goblins
  4 hobgoblins
  2 jackals (D:2)
  7 kobolds
  6 quokkas
  10 ball pythons
  7 bats
  3 frilled lizards
  12 hobgoblin zombies (Ossuary)
  A jackal zombie (Ossuary)
  8 kobold zombies (Ossuary)
  6 orc zombies (Ossuary)
  6 rats
116 creatures vanquished.

Vanquished Creatures (others)
  3 fulminant prisms
  3 fungi (D:3)
6 creatures vanquished.

Grand Total: 122 creatures vanquished

Notes
Turn   | Place    | Note
-------+----------+-------------------------------------------
     0 | D:1      | porpoise the Djinni Conjurer began the quest for the Orb.
     0 | D:1      | Reached XP level 1. HP: 15/15 MP: 0/0
    51 | D:1      | Reached XP level 2. HP: 8/22 MP: 0/0
   294 | D:1      | Reached skill level 1 in Fighting
   651 | D:1      | Reached XP level 3. HP: 23/27 MP: 0/0
   651 | D:1      | Learned a level 1 spell: Shock
   926 | D:1      | Found a faded altar of an unknown god.
  1786 | D:2      | Reached XP level 4. HP: 29/33 MP: 0/0
  3084 | D:3      | Reached XP level 5. HP: 36/39 MP: 0/0
  3084 | D:3      | Learned a level 2 spell: Blink
  3272 | D:3      | Found a runed translucent door.
  3273 | D:3      | Noticed Crazy Yiuf
  3281 | D:3      | Killed Crazy Yiuf
  3492 | D:3      | Noticed a centaur
  3503 | D:3      | Killed a centaur
  3504 | D:3      | Reached XP level 6. HP: 23/46 MP: 0/0
  4411 | D:4      | Noticed a black bear
  4437 | D:4      | Killed a black bear
  4438 | D:4      | Reached XP level 7. HP: 45/52 MP: 0/0
  4438 | D:4      | Learned a level 2 spell: Static Discharge
  4667 | D:4      | You are sucked into a shaft and drop 2 floors!
  4672 | D:6      | Noticed Duvessa
  4684 | D:6      | Reached skill level 5 in Spellcasting
  4691 | D:6      | Found a sand-covered staircase.
  4695 | Ossuary  | Entered an ossuary
  5296 | Ossuary  | Reached skill level 5 in Fighting
  5296 | Ossuary  | Reached XP level 8. HP: 18/59 MP: 0/0
  5319 | Ossuary  | Slain by an elf zombie

Illustrated notes

Levels and vault maps discovered:
D:1:      roderic_chinese_lattice_arrival, layout_basic,
          shapermc_ecumenical_altar_flowoftime, minmay_indecisive_spiral
D:2:      layout_loops_corners
D:3:      layout_basic, uniq_crazy_yiuf_cottage
D:4:      layout_cave_pools
D:6:      layout_rooms, lightli_ossuary_entry_decrepit_ruins, uniq_sigmund,
          uniq_eustachio, uniq_duvessa
Ossuary:  ossuary_tomb_1

Skill      XL: |  1  2  3  4  5  6  7 |
---------------+----------------------+-----
Fighting       | 1 2 3 4 5 |  5.0
Stealth        | 2 3 |  3.6
Spellcasting   | 4 5 |  5.1
Dodging        | |  2.1

Action                   |  1- 3 |  4- 6 |  7- 9 || total
-------------------------+-------+-------+-------++-------
Melee: Dagger            |     3 |       |       ||     3
 Fire: Shortbow          |       |    19 |    42 ||    61
 Cast: Magic Dart        |    65 |     9 |     1 ||    75
       Searing Ray       |     5 |    28 |    19 ||    52
       Shock             |     2 |       |       ||     2
       Iskenderun's Myst |       |     1 |     1 ||     2
       Fulminant Prism   |       |     1 |     2 ||     3
       Blink             |       |       |     2 ||     2
  Use: Scroll            |       |       |     4 ||     4
       Potion            |       |       |     3 ||     3
 Stab: Sleeping          |     1 |       |       ||     1
Armor: Robe              |     1 |     2 |    13 ||    16
Dodge: Dodged            |     7 |    15 |    19 ||    41
